 Dungeon Crawl Stone Soup version 0.16-a0-787-g31dbbe7 (webtiles) character file.

6 RobertPalmer the Ogre Mage (level 1, -1/16 HPs)
             Began as an Ogre Wizard on Sept 27, 2014.
             Slain by a giant mite (3 damage)
             ... on Level 1 of the Dungeon.
             The game lasted 00:00:50 (740 turns).

RobertPalmer the Ogre Mage (Ogre Wizard)             Turns: 740, Time: 00:00:50

HP  -1/16        AC  3     Str 11      XL: 1   Next: 90%
MP   1/4         EV  9     Int 17      God:
Gold 19          SH  0     Dex  8      Spells:  1 memorised,  6 levels left

rFire  . . .     SeeInvis .     e - +0 club
rCold  . . .     Clarity  .     a - +0 robe
rNeg   . . .     rCorr    .     (shield restricted)
rPois  .         rRot     .     b - +0 hat
rElec  .         Spirit   .     (no cloak)
SustAb .         Warding  .     (gloves unavailable)
rMut   .         Stasis   .     (boots unavailable)
Gourm  .                        (no amulet)
MR     .....                    (no ring)
                                (no ring)

@: lethally poisoned, very slightly contaminated, hasted, very quick, not
resistant to hostile enchantments, very unstealthy
A: unfitting armour, tough skin 1
a: no special abilities


You were on level 1 of the Dungeon.
You were not hungry.

You visited 1 branch of the dungeon, and saw 1 of its levels.

You collected 19 gold pieces.


Innate Abilities, Weirdness & Mutations

You are too large for most types of armour.
You have tough skin (AC +1).


   Skills:
 + Level 2.0 Maces & Flails
 - Level 1.7 Dodging
 - Level 1.5 Stealth
 - Level 3.6 Spellcasting
 - Level 0.6 Conjurations
   Level 0.6 Summonings
   Level 0.6 Translocations


You had 6 spell levels left.
You knew the following spells:

 Your Spells              Type           Power        Failure   Level  Hunger
z - Magic Dart            Conj           #...         14%         1    None

Inventory:

Hand weapons
 e - a +0 club (weapon)
Armour
 a - a +0 robe (worn)
 b - a +0 hat (worn)
 m - a +2 cloak
Comestibles
 d - 2 meat rations
 h - a beef jerky
Scrolls
 f - a scroll of identify {unknown}
 g - a scroll of random uselessness {unknown}
 j - a scroll of magic mapping {unknown}
 l - a scroll of noise {unknown}
Books
 c - a book of Minor Magic

Dungeon Overview and Level Annotations

Branches:
Dungeon (1/15)

Altars:

##.......# #........#....#
#........######.###.##...##
#..........# #.###..'.....
#......g...# #..#####...[#
#..........# #..# ##....
####......%# #..######.#.#
#######g# #..#...##.#..
#####s####..+.<.'..#..
#....@..##.##...#..##.
#.......##.######..# .
#.......##.# #..# .
#.......##.# ##.# .
#........#.# #+#
#........#.# #.....%..#.#
########...# ##..#


You could see a giant mite and a hobgoblin.


Message History

The giant mite bites you.
* * * LOW HITPOINT WARNING * * *
You hit the giant mite.
The giant mite is moderately wounded.
The giant mite closely misses you. The giant mite bites you.
* * * LOW HITPOINT WARNING * * *
You are poisoned.
The giant mite poisons you!
Aiming: Magic Dart
Aim: a giant mite (moderately wounded, clinging)
The magic dart hits the giant mite.
The giant mite is moderately wounded.
* * * LOW HITPOINT WARNING * * *
You feel sick. The giant mite bites you.
* * * LOW HITPOINT WARNING * * *
Drink which item? (? for menu, Esc to quit)
You feel magically purged.
It was a potion of cancellation.
The giant mite barely misses you.
Drink which item? (? for menu, Esc to quit)
You feel yourself speed up.
It was a potion of haste.
* * * LOW HITPOINT WARNING * * *
You feel sick. The giant mite bites you.
* * * LOW HITPOINT WARNING * * *
You are very lightly contaminated with residual magic.
You hit the giant mite.
The giant mite is heavily wounded.
You hit the giant mite but do no damage.
The giant mite is heavily wounded.
The giant mite bites you.
You die...

Action                   || total
-------------------------++-------
Melee: Club              ||    42
 Cast: Magic Dart        ||     3
  Use: Potion            ||     2

Vault maps used:
D:1:      dpeg_arrival_tiny_h, roderic_lattice_a

Notes
Turn   | Place    | Note
--------------------------------------------------------------
     0 | D:1      | RobertPalmer, the Ogre Wizard, began the quest for the Orb.
     0 | D:1      | Reached XP level 1. HP: 16/16 MP: 4/4
   204 | D:1      | Reached skill level 1 in Maces & Flails
   715 | D:1      | Reached skill level 2 in Maces & Flails
   740 | D:1      | Slain by a giant mite

Vanquished Creatures
  2 bats (D:1)
  A giant cockroach (D:1)
  2 giant newts (D:1)
  A rat (D:1)
6 creatures vanquished.
